Map: Echo LE (Void)

Players

Solar - Winner!

  • Race: Zerg Zerg
  • Spawn Location: 5:00

iAsonu

  • Race: Zerg Zerg
  • Spawn Location: 11:00

Event: IEM Season 11 - Gyeonggi

VOD

Have the link to the VOD?

Description

Time

  • Played on: Dec. 14, 2016, 4:53 a.m.
  • Length: 5:32

All games in this series

Show
View Real Time Build Order
Export as new Build Order

Solar Zerg - Winner!

Build Orders: Hatch First 

Get SALT Encoding   

  12  0:00  Drone  
  13  0:12  Overlord  
  13  0:16  Drone  
  14  0:30  Drone x2  
  14  0:34  Drone  
  17  0:50  Hatchery  
  17  0:54  Drone  
  17  0:56  Drone  
  18  1:09  Extractor  
  17  1:11  Spawning Pool  
  17  1:15  Drone  
  17  1:18  Drone  
  18  1:28  Drone  
  19  1:39  Overlord  
  19  1:52  Drone  
  20  1:58  Queen  
  23  2:01  Zergling x2  
  23  2:02  Queen  
  23  2:03  Zergling x2  
  26  2:08  Metabolic Boost  
  26  2:10  Drone  
  26  2:14  Drone  
  28  2:21  Drone  
  29  2:25  Drone  
  30  2:33  Hatchery  
  30  2:36  Drone  
  30  2:38  Drone  
  30  2:42  Drone  
  32  2:45  Overlord  
  32  2:54  Drone  
  32  2:57  Drone  
  34  3:04  Drone  
  35  3:08  Zergling x2  
  35  3:09  Zergling x10  
  35  3:10  Zergling x2  
  42  3:20  Roach Warren  
  42  3:22  Drone  
  42  3:24  Overlord  
  42  3:29  Overlord  
  42  3:53  Drone  
  42  3:54  Drone  
  43  4:01  Roach x3  
  43  4:02  Roach x4  
  57  4:09  Roach x2  
  60  4:12  Roach  
  60  4:13  Overlord x2  
  61  4:21  Zergling x10  
  65  4:31  Overlord  
  65  4:32  Zergling x4  
  65  4:36  Queen  
  68  4:39  Zergling x2  
  68  4:40  Zergling x4  
  68  4:42  Overlord  
  72  4:45  Zergling x2  
  72  4:46  Zergling x4  
  72  4:53  Zergling x2  
  72  4:54  Zergling x2  
  72  5:02  Zergling x6  
  72  5:05  Overlord  
  75  5:08  Zergling x2  
  75  5:09  Zergling x4  
  75  5:12  Zergling x2  
  75  5:13  Zergling x2  
  75  5:18  Ravager  
Show
View Real Time Build Order
Export as new Build Order

iAsonu Zerg 

Build Orders: Hatch First 

Get SALT Encoding   

  12  0:00  Drone  
  13  0:12  Overlord  
  13  0:17  Drone  
  14  0:30  Drone x2  
  14  0:34  Drone  
  17  0:52  Hatchery  
  17  0:55  Drone  
  17  0:57  Drone  
  18  1:08  Extractor  
  17  1:12  Spawning Pool  
  17  1:15  Drone  
  17  1:18  Drone  
  18  1:28  Drone  
  19  1:41  Overlord  
  19  1:49  Drone  
  20  1:59  Queen  
  20  2:01  Drone  
  23  2:04  Drone, Queen  
  23  2:07  Metabolic Boost  
  26  2:11  Drone  
  26  2:15  Drone  
  28  2:21  Drone  
  29  2:26  Zergling x2  
  30  2:32  Baneling Nest, Zergling x2  
  30  2:35  Queen  
  32  2:39  Drone  
  33  2:51  Overlord  
  33  2:53  Drone  
  34  3:01  Drone  
  34  3:04  Drone  
  34  3:05  Hatchery  
  35  3:10  Zergling x6  
  38  3:18  Drone x2  
  40  3:25  Overlord  
  40  3:26  Drone  
  41  3:30  Baneling  
  41  3:31  Baneling  
  41  3:33  Drone  
  42  3:35  Baneling  
  42  3:37  Overlord  
  42  3:39  Baneling x4  
  42  3:40  Drone x2  
  44  3:50  Drone, Overlord  
  44  3:52  Drone  
  44  3:53  Drone  
  47  3:57  Drone  
  47  3:58  Zergling x2  
  47  4:00  Drone, Overlord  
  47  4:02  Extractor  
  47  4:03  Extractor  
  47  4:09  Roach Warren  
  45  4:13  Drone  
  45  4:14  Drone x2  
  47  4:24  Drone  
  47  4:28  Overlord  
  47  4:37  Zergling x20  
  54  4:41  Zergling x2  
  54  4:45  Zergling x2  
  53  4:47  Zergling x2  
  53  4:50  Zergling x2  
  51  4:58  Zergling x2  
  48  5:01  Zergling x10  
  52  5:11  Zergling x6  
  52  5:13  Zergling x4  

Tags
 
Add a new tag
Caveats
  • Supply blocks, unpowered buildings, or Contaminate may cause inaccurate times.
  • Supply counts are checked every 10 seconds.